 Dungeon Crawl Stone Soup version 0.31-a0-358-gac0dbeb3ab (webtiles) character file.

Game seed: 2512312311587580004

865 Bnni the Changeling (level 8, 0/54 HPs)
             Began as an Octopode Shapeshifter on July 25, 2023.
             Was an Initiate of Gozag.
             Slain by a lemure (8 damage)
             ... led by Pikel
             ... on level 6 of the Dungeon.
             The game lasted 00:06:25 (4140 turns).

Bnni the Changeling (Octopode Shapeshifter)         Turns: 4140, Time: 00:06:26

Health: 0/54       AC:  1    Str: 14    XL:     8   Next: 3%
Magic:  8/8        EV: 13    Int: 20    God:    Gozag
Gold:   330        SH:  0    Dex: 15    Spells: 2/7 levels left

rFire   . . .        o - +11 hand axe of Wealth {venom, +Blink Will+ Int+4 Stlth-}
rCold   . . .        (no shield)
rNeg    . . .        (helmet currently unavailable)
rPois   .            (no amulet)
rElec   .            h - +6 ring of intelligence
rCorr   .            (no ring)
SInv    .            (no ring)
Will    +....        (no ring)
Stlth   +            (no ring)
HPRegen 0.29/turn    (no ring)
MPRegen 0.11/turn    (no ring)
                     (no ring)

%: no passive effects
@: beast-form
A: beast (slay +4), almost no armour, amphibious, 8 rings, camouflage 1,
gelatinous body 1, (nimble swimmer 1), tentacles
a: Begin Untransformation, Renounce Religion, Evoke Blink, Potion Petition, Call
Merchant, Bribe Branch


You were on level 6 of the Dungeon.
You worshipped Gozag.
Gozag was aware of your devotion.
You were a hulking beast.
You visited 2 branches of the dungeon, and saw 7 of its levels.

You collected 397 gold pieces.
You paid 67 gold pieces to Gozag.

Inventory:

Hand Weapons
 o - the +11 hand axe of Wealth (weapon) {venom, +Blink Will+ Int+4 Stlth-}
   (You found it on level 4 of the Dungeon)

   Int:       It affects your intelligence (+4).
   +Blink:    It lets you blink.
   Will:      It increases your willpower.
   Stlth:     It makes you less stealthy.
Jewellery
 h - a +6 ring of intelligence (left tentacle)
Talismans
 b - a beast talisman
Wands
 n - a wand of mindburst (8)
 p - a wand of flame (16)
Scrolls
 c - 2 scrolls of silence {unknown}
 f - a scroll of blinking {unknown}
 i - a scroll of enchant weapon {unknown}
 j - a scroll of noise {unknown}
 k - 2 scrolls of identify {unknown}
 m - a scroll of fog {unknown}
 s - a scroll of immolation {unknown}
 t - a scroll of fear {unknown}
Potions
 a - 3 potions of lignification
 d - 2 potions of mutation {unknown}
 e - 2 potions of curing
 g - a potion of enlightenment {unknown}
 l - a potion of attraction {unknown}
 q - 2 potions of heal wounds {unknown}
 r - a potion of brilliance {unknown}
 u - a potion of ambrosia {unknown}


   Skills:
 + Level 4.3 Fighting
 - Level 2.0 Dodging
 + Level 5.3 Unarmed Combat
 * Level 6.0 Shapeshifting


You had 2 spell levels left.
You knew the following spells:

 Your Spells              Type           Power      Damage    Failure   Level
o - Ozocubu's Armour      Ice            0%         N/A       50%         3
w - Wereblood             Tmut           0%         N/A       28%         2

Your spell library contained the following spells:

 Spells                   Type           Power      Damage    Failure   Level
 Sublimation of Blood     Necr           0%         N/A       28%         2
 Ozocubu's Refrigeration  Ice            0%         4d7       100%        7
 Summon Hydra             Summ           0%         N/A       100%        7


Dungeon Overview and Level Annotations

Branches:
Dungeon (6/15)             Temple (1/1) D:4

Altars:
Cheibriados
Dithmenos
Elyvilon
Gozag
Hepliaklqana
Kikubaaqudgha
Makhleb
Nemelex Xobeh
Okawaru
Qazlal
Sif Muna
Trog
Uskayaw
Vehumet
Wu Jian
Xom
Yredelemnul
Zin
The Shining One

Shops:
D:2 :

Annotations:
D:6 Pikel


Innate Abilities, Weirdness & Mutations

You are a hulking beast.
Your limbs bulge with bestial killing power. (Slay +4)
You cannot wear most types of armour.
You are amphibious.
You can wear up to eight rings at the same time.
Your skin changes colour to match your surroundings (Stealth+).
Your rubbery body absorbs attacks. (AC +1, EV +1)
((You are camouflaged when in or above water. (Stealth+)))
You have tentacles for arms and can constrict up to eight enemies at once.


Message History

The lemure shouts! x4; The centaur shouts!
Something shouts, "Away with thee, thou churlish rump-fed fustilarian!"
You hear a shout!
Found 17 gold pieces.
Found a stone staircase leading up.
There is a stone staircase leading up here.
Pikel shouts!
You hit Pikel.
Pikel is poisoned.
You grab Pikel.
Pikel is lightly wounded.
You constrict Pikel, but do no damage.
The centaur wields a +0 orcbow.
The centaur shoots an arrow.
The arrow hits you! Pikel closely misses you.
You barely miss Pikel.
Pikel is lightly wounded.
You barely miss the lemure. You slash the lemure!
The lemure looks as sick as possible!
You constrict Pikel.
The centaur shoots an arrow.
The arrow hits you!
The centaur shoots an arrow.
The arrow misses you. The lemure hits you. The lemure hits you!
Pikel barely misses you.
You slash Pikel!
Pikel looks as sick as possible!
Pikel is severely wounded.
You hit the lemure.
The lemure is poisoned.
You slash the lemure!
You kill the lemure!
That felt strangely unrewarding.
You slash the lemure!
The lemure looks as sick as possible!
You constrict Pikel.
An ufetubus comes into view.
The lemure hits you! The lemure hits you.
* * * LOW HITPOINT WARNING * * *
Pikel hits you with a +0 whip of flaming!
* * * LOW HITPOINT WARNING * * *
Pikel burns you.
* * * LOW HITPOINT WARNING * * *
It was a potion of curing.
You feel better.
You constrict Pikel. The lemure hits you!
* * * LOW HITPOINT WARNING * * *
The lemure closely misses you. The lemure hits you.
* * * LOW HITPOINT WARNING * * *
Pikel closely misses you.
Unknown command.
You feel better.
You constrict Pikel. The lemure hits you!
You die...
Your body crumbles into a pile of gold.

$
.$.......##
##.........
##.........
..<.......#
..........##
...........#
...5..55c..#
......5h..#
......K#.##
...##.. ## .
#.# ##


You could see Pikel (extremely poisoned), 3 lemures, a centaur and an ufetubus.

Vanquished Creatures
  Eustachio (D:4)
  3 black bears
  A lemure (D:6)
  A scorpion (D:5)
  3 crimson imps (D:5)
  2 hounds
  An iguana (D:5)
  2 sleepcaps (D:5)
  7 adders
  An ufetubus (D:4)
  A worm (D:2)
  3 dart slugs
  8 orcs (D:4)
  9 endoplasms
  6 giant cockroaches
  6 goblins
  10 hobgoblins
  3 jackals (D:5)
  2 quokkas
  8 ball pythons
  5 bats
  2 frilled lizards
  5 kobolds
  6 rats
96 creatures vanquished.

Notes
Turn   | Place    | Note
-------+----------+-------------------------------------------
     0 | D:1      | Bnni the Octopode Shapeshifter began the quest for the Orb.
     0 | D:1      | Reached XP level 1. HP: 13/13 MP: 1/1
   152 | D:1      | Reached XP level 2. HP: 14/18 MP: 2/2
   770 | D:1      | Reached XP level 3. HP: 18/23 MP: 3/3
  1251 | D:2      | Found Owint's Book Shoppe.
  1397 | D:2      | Reached XP level 4. HP: 29/29 MP: 4/4
  1978 | D:3      | Found a stormy altar of Qazlal.
  2242 | D:3      | Found a shimmering blue altar of Sif Muna.
  2329 | D:3      | Found an ornate altar of the Wu Jian Council.
  2674 | D:4      | Noticed a black bear
  2681 | D:4      | Killed a black bear
  2682 | D:4      | Reached skill level 4 in Shapeshifting
  2682 | D:4      | Reached XP level 5. HP: 26/35 MP: 5/5
  2732 | D:4      | Found a staircase to the Ecumenical Temple.
  2741 | Temple   | Entered the Ecumenical Temple
  2760 | D:4      | Found a radiant altar of Vehumet.
  2760 | D:4      | Noticed Eustachio
  2827 | D:4      | Identified the +11 hand axe of Wealth {venom, +Blink Will+
                  | Int+4 Stlth-}
  2835 | D:4      | Killed Eustachio
  2836 | D:4      | Reached XP level 6. HP: 16/42 MP: 6/6
  2988 | D:4      | Noticed a black bear
  2993 | D:4      | Killed a black bear
  2994 | D:4      | Reached skill level 5 in Shapeshifting
  3119 | D:4      | Reached XP level 7. HP: 46/46 MP: 7/7
  3128 | D:4      | Found a large runed translucent door.
  3129 | D:4      | Found a large runed translucent door.
  3154 | D:4      | Found an opulent altar of Gozag.
  3158 | D:4      | Became a worshipper of Gozag Ym Sagoz the Greedy
  3163 | D:4      | Found an iron altar of Okawaru.
  3236 | D:4      | Found a shadowy altar of Dithmenos.
  3367 | D:4      | Found a burning altar of Makhleb.
  3473 | D:5      | Entered Level 5 of the Dungeon
  3649 | D:5      | Learned a level 2 spell: Wereblood
  3653 | D:5      | Learned a level 3 spell: Ozocubu's Armour
  3859 | D:5      | Reached skill level 5 in Unarmed Combat
  3925 | D:5      | Found a shimmering altar of Xom.
  3945 | D:5      | Reached skill level 6 in Shapeshifting
  3945 | D:5      | Reached XP level 8. HP: 8/54 MP: 8/8
  4135 | D:6      | Noticed Pikel
  4138 | D:6      | HP: 2/54 [Pikel/+0 whip of flaming (1)]
  4140 | D:6      | Slain by a lemure

Illustrated notes

Levels and vault maps discovered:
D:1:      co_arrival_random_square_maze, layout_basic
D:2:      layout_basic, serial_shops, nicolae_shop_pleasant_corner_grove,
          serial_bayou_crossing
D:3:      layout_basic, mainiacjoe_overflow_chevrons, lemuel_crystal_altar,
          mainiacjoe_overflow_boulevard
D:4:      layout_basic, nicolae_dithmenos_through_a_glass_darkly,
          makhleb_heckhound_becter, jmf_multi_god_temple2,
          vehumet_altar_wand_db, minmay_temple_entry_antechambers,
          serial_park_tiny_2, uniq_eustachio
D:5:      layout_rooms, led_xom_imps
D:6:      gammafunk_cloud_chamber, layout_cave_pools, uniq_sigmund, uniq_pikel,
          uniq_edmund, uniq_duvessa
Temple:   dpeg_chambers_temple

Skill      XL: |  1  2  3  4  5  6  7 |
---------------+----------------------+-----
Fighting       | 2 3 4 |  4.3
Unarmed Combat | 4 5 |  5.3
Shapeshifting  | 4 5 6 |  6.0
Dodging        | |  2.0

Action                     |  1- 3 |  4- 6 |  7- 9 || total
---------------------------+-------+-------+-------++-------
  Melee: Unarmed           |    60 |    48 |       ||   108
         Constrict         |    17 |    15 |    12 ||    44
         Tentacles         |     9 |    11 |     6 ||    26
         Punch             |     1 |       |     1 ||     2
         Hand axe          |       |    17 |    34 ||    51
  Evoke: Wand              |       |       |     5 ||     5
    Use: Potion            |       |       |     2 ||     2
   Stab: Sleeping          |     4 |     5 |     1 ||    10
         Distracted        |       |     1 |       ||     1
 Armour: Skin              |     3 |     3 |     2 ||     8
  Dodge: Dodged            |    23 |    36 |    17 ||    76

Table legend: (Time is in decaauts)
 A = Elapsed time spent in this place.
 B = Non-inter-level travel time spent in this place.
 C = Inter-level travel time spent in this place.
 D = Time resting spent in this place.
 E = Time spent auto-exploring this place.
 F = Levels seen in this place.
 G = Mean time per level.
                   A        B        C        D        E       F      G
               +--------+--------+--------+--------+--------+-----+--------+
         Total |   4146 |   3991 |    155 |    308 |   3091 |   7 |  592.3 |
       Dungeon |   4144 |   3989 |    155 |    308 |   3091 |   6 |  690.7 |
        Temple |      1 |      1 |      0 |      0 |      0 |   1 |    1.0 |
               +--------+--------+--------+--------+--------+-----+--------+

Top non-repeatable levels by time:
     D:1: 1042 daAuts
     D:4: 870 daAuts
     D:3: 788 daAuts
     D:2: 770 daAuts
     D:5: 667 daAuts
     D:6: 5 daAuts
  Temple: 1 daAuts
